 Dungeon Crawl Stone Soup version 0.29.0-4-gdea44cf6ec (webtiles) character file.

Game seed: 5325556956918455419

1832 qw the Cleaver (level 8, -4/106 HPs)
             Began as a Minotaur Berserker on Sept 8, 2022.
             Was a High Priest of Trog.
             Slain by a two-headed ogre
             ... wielding a +0 giant club
              (7 damage)
             ... on level 6 of the Dungeon.
             The game lasted 00:02:07 (5536 turns).

qw the Cleaver (Minotaur Berserker)                 Turns: 5536, Time: 00:02:08

Health: -4/106     AC:  8    Str: 24    XL:     8   Next: 86%
Magic:  0/7        EV: 10    Int:  4    God:    Trog [*****.]
Gold:   342        SH:  0    Dex: 10    Spells: 7/7 levels left

rFire   . . .      SeeInvis .   Y - +0 war axe
rCold   + . .      Faith    .   (no shield)
rNeg    . . .      Spirit   +   k - +0 scale mail
rPois   .          Reflect  .   (helmet restricted)
rElec   .          Harm     .   (no cloak)
rCorr   +          Rampage  .   m - +1 pair of gloves
Will    .....                   (no boots)
Stlth   ..........              h - amulet of guardian spirit
HPRegen 0.27/turn               n - ring of resist corrosion
MPRegen 0.10/turn               c - ring of protection from cold

@: berserking, very quick
A: horns 2, retaliatory headbutt
a: Renounce Religion, Berserk, Trog's Hand, Brothers in Arms


You were on level 6 of the Dungeon.
You worshipped Trog.
Trog was extremely pleased with you.
You visited 1 branch of the dungeon, and saw 6 of its levels.

You collected 342 gold pieces.


Innate Abilities, Weirdness & Mutations

You have a pair of horns on your head.
You reflexively headbutt those who attack you in melee.


   Skills:
 + Level 6.5 Fighting
 - Level 12.7 Axes
 - Level 1.0 Throwing
 - Level 3.1 Armour
 - Level 2.1 Dodging


You had 7 spell levels left.
You didn't know any spells.
Your spell library was empty.

Inventory:

Hand Weapons
 a - a +0 hand axe of flaming
 Y - a +0 war axe (weapon)
Missiles
 g - a boomerang (quivered)
Armour
 k - a +0 scale mail (worn)
 m - a +1 pair of gloves (worn)
Jewellery
 c - a ring of protection from cold (right hand)
 h - an amulet of guardian spirit (around neck)
 n - a ring of resist corrosion (left hand)
Scrolls
 b - 2 scrolls of teleportation
 p - 4 scrolls of identify
Potions
 d - 2 potions of heal wounds
 e - 2 potions of curing
 i - a potion of cancellation

Dungeon Overview and Level Annotations

Branches:
Dungeon (6/15)
 Temple: D:4-7

Altars:


Message History

The two-headed ogre shouts in stereo!
Throw: boomerang
Press: ? - help, Q - select action Shift-Dir - straight line, f/p - troll You throw a boomerang.
The boomerang hits the troll.
The troll is lightly wounded.
Throw: boomerang
Press: ? - help, Q - select action Shift-Dir - straight line, f/p - troll You throw a boomerang.
The boomerang hits the troll!
The troll is moderately wounded.
5529 ||| INVOKING Berserk.
A red film seems to cover your vision as you go berserk!
You feel yourself moving faster!
You feel mighty!
You barely miss the troll.
The troll is moderately wounded.
The troll bites you! The troll claws you. The troll barely misses you.
You slash the troll!
The troll is severely wounded.
You closely miss the troll.
The troll is severely wounded.
The troll bites you. The troll closely misses you. The troll claws you.
You closely miss the troll. Your headbutt misses the troll.
The troll is severely wounded.
You barely miss the two-headed ogre. You closely miss the troll.
The troll is severely wounded.
You hit the two-headed ogre.
The two-headed ogre hits you with a +0 giant club!!
The two-headed ogre hits you with a +0 giant spiked club!!
The troll bites you! The troll claws you but does no damage.
The troll claws you!
You barely miss the troll. Your headbutt misses the troll.
The troll is heavily wounded.
You slash the two-headed ogre! The troll barely misses you.
You furiously retaliate!
You headbutt the troll. The troll claws you but does no damage.
The troll closely misses you.
You slash the troll! Your headbutt misses the troll.
The troll is almost dead.
You completely miss the two-headed ogre.
The two-headed ogre hits you with a +0 giant club!
You die...

#......# ......#
### #.....#
....####.#.# #
.......<.#.#.#.#
...............#
#.#..###.#.#.#.#
#. #....#.#. #
#@O......
#.....T.........
####.##$.####...
# #..# ... #...
# #.### #(# #.#


You could see a two-headed ogre and a troll.

Vanquished Creatures
  A two-headed ogre (D:5)
  Grinder (D:3)
  Menkaure (D:4)
  An ogre (D:3)
  2 phantoms
  Blork the orc (D:4)
  A scorpion (D:5)
  2 hounds
  3 iguanas
  An orc wizard (D:5)
  Robin (D:4)
  11 gnolls
  8 adders
  A white imp (D:5)
  A worm (D:2)
  2 dart slugs
  10 orcs
  12 bats
  9 endoplasms
  3 giant cockroaches
  46 goblins
  33 hobgoblins
  10 jackals
  9 kobolds
  4 quokkas
  6 ball pythons
  3 frilled lizards
  8 rats
191 creatures vanquished.

Notes
Turn   | Place    | Note
-------+----------+-------------------------------------------
     0 | D:1      | qw the Minotaur Berserker began the quest for the Orb.
     0 | D:1      | Reached XP level 1. HP: 19/19 MP: 0/0
     0 | D:1      | 0 ||| qw: Version: 0.1-a-112-g44dc6cd
     0 | D:1      | 0 ||| qw: Game counter: 6717
     0 | D:1      | 0 ||| qw: Always use a shield: true
     0 | D:1      | 0 ||| qw: Do Orc after D:15 true
     0 | D:1      | 0 ||| qw: Do second Lair branch before Depths: true
     0 | D:1      | 0 ||| qw: Lair rune preference: random
     0 | D:1      | 0 ||| qw: Plans: Normal
     0 | D:1      | 0 ||| PLANNING D:1-11
    27 | D:1      | 27 ||| Stepping ~*~*~tactically~*~*~ (stealth).
    30 | D:1      | 30 ||| Stepping ~*~*~tactically~*~*~ (stealth).
    34 | D:1      | Reached skill level 4 in Axes
    73 | D:1      | Reached XP level 2. HP: 18/26 MP: 1/1
   218 | D:1      | Found a faded altar of an unknown god.
   356 | D:1      | 356 ||| INVOKING Berserk.
   587 | D:1      | Reached skill level 5 in Axes
   594 | D:1      | 594 ||| Stepping ~*~*~tactically~*~*~ (stealth).
   633 | D:1      | 633 ||| Stepping ~*~*~tactically~*~*~ (stealth).
   636 | D:1      | Reached ** piety under Trog
   715 | D:1      | Reached XP level 3. HP: 31/31 MP: 2/2
   736 | D:1      | 736 ||| Stepping ~*~*~tactically~*~*~ (stealth).
  1080 | D:1      | 1080 ||| UPGRADING to +0 ring mail.
  1090 | D:1      | 1090 ||| DROPPING +0 animal skin.
  1091 | D:1      | 1091 ||| UPGRADING to +0 scale mail.
  1101 | D:1      | 1101 ||| DROPPING +0 ring mail.
  1102 | D:1      | 1102 ||| READING scroll labelled DUICKUOSCHE.
  1103 | D:1      | 1103 ||| READING 2 scrolls labelled WOPI GOWEUPNIO.
  1104 | D:1      | 1104 ||| READING scroll labelled JUYRCH NOIP.
  1105 | D:1      | 1105 ||| DROPPING scroll of vulnerability.
  1388 | D:2      | Reached XP level 4. HP: 39/39 MP: 3/3
  1411 | D:2      | 1411 ||| Stepping ~*~*~tactically~*~*~ (stealth).
  1418 | D:2      | Reached skill level 6 in Axes
  1479 | D:2      | 1479 ||| Stepping ~*~*~tactically~*~*~ (stealth).
  1630 | D:2      | 1630 ||| UPGRADING to +0 pair of gloves.
  1635 | D:2      | 1635 ||| UPGRADING to amulet of guardian spirit.
  1640 | D:2      | 1640 ||| UPGRADING to ring of resist corrosion.
  1641 | D:2      | 1641 ||| READING scroll labelled LESUCO JUEVAGH.
  1642 | D:2      | 1642 ||| DROPPING +0 whip.
  1643 | D:2      | 1643 ||| READING scroll labelled RUSETI ATSE.
  1644 | D:2      | 1644 ||| READING scroll labelled JUPSYS KOEMOD.
  1645 | D:2      | 1645 ||| READING scroll labelled CIPNIO QIAPHUE.
  1646 | D:2      | 1646 ||| READING scroll labelled BOEGRUWKE CADGH.
  1747 | D:2      | 1747 ||| DRINKING 2 smoky pink potions.
  1748 | D:2      | 1748 ||| DROPPING potion of magic.
  1946 | D:3      | 1946 ||| Stepping ~*~*~tactically~*~*~ (stealth).
  1953 | D:3      | Reached *** piety under Trog
  2045 | D:3      | Noticed Grinder
  2046 | D:3      | 2046 ||| Stepping ~*~*~tactically~*~*~ (stealth).
  2047 | D:3      | 2047 ||| Stepping ~*~*~tactically~*~*~ (stealth).
  2048 | D:3      | 2048 ||| INVOKING Trog's Hand.
  2051 | D:3      | 2051 ||| INVOKING Berserk.
  2062 | D:3      | HP: 6/39 [Grinder (4)]
  2065 | D:3      | Killed Grinder
  2066 | D:3      | Reached skill level 8 in Axes
  2066 | D:3      | Reached XP level 5. HP: 13/45 MP: 0/4
  2066 | D:3      | Reached XP level 6. HP: 14/51 MP: 0/5
  2565 | D:3      | 2565 ||| FLEEEEING.
  2672 | D:3      | 2672 ||| Stepping ~*~*~tactically~*~*~ (stealth).
  2691 | D:3      | 2691 ||| Stepping ~*~*~tactically~*~*~ (stealth).
  2700 | D:3      | 2700 ||| Stepping ~*~*~tactically~*~*~ (stealth).
  2701 | D:3      | Reached **** piety under Trog
  2719 | D:3      | 2719 ||| Stepping ~*~*~tactically~*~*~ (stealth).
  2759 | D:3      | 2759 ||| INVOKING Berserk.
  2907 | D:3      | 2907 ||| INVOKING Berserk.
  2912 | D:3      | Reached skill level 9 in Axes
  3062 | D:3      | 3062 ||| SWAPPING to +0 war axe.
  3082 | D:3      | 3082 ||| READING scroll of enchant armour.
  3082 | D:3      | 3082 ||| ENCHANTING +0 pair of gloves.
  3171 | D:3      | 3171 ||| INVOKING Berserk.
  3175 | D:3      | Reached XP level 7. HP: 61/61 MP: 3/6
  3278 | D:3      | 3278 ||| READING scroll labelled QOJ JORUSTREOTI.
  3281 | D:3      | 3281 ||| READING scroll labelled SUYQE OWNU.
  3282 | D:3      | 3282 ||| READING scroll labelled QEMEETW TIUN.
  3283 | D:3      | 3283 ||| DRINKING 3 white potions.
  3284 | D:3      | 3284 ||| DRINKING 2 lumpy coppery potions.
  3285 | D:3      | 3285 ||| DRINKING 2 clear potions.
  3286 | D:3      | 3286 ||| READING 3 scrolls of identify.
  3286 | D:3      | 3286 ||| IDENTIFYING metallic pink potion
  3287 | D:3      | 3287 ||| DROPPING potion of brilliance.
  3331 | D:4      | Noticed Menkaure
  3333 | D:4      | 3333 ||| INVOKING Berserk.
  3336 | D:4      | HP: 11/91 [Menkaure/nerve-wracking pain (12)]
  3338 | D:4      | Killed Menkaure
  3649 | D:4      | Noticed Robin
  3650 | D:4      | 3650 ||| Stepping ~*~*~tactically~*~*~ (hiding).
  3658 | D:4      | 3658 ||| INVOKING Berserk.
  3668 | D:4      | Killed Robin
  3854 | D:4      | 3854 ||| Stepping ~*~*~tactically~*~*~ (stealth).
  3992 | D:4      | Noticed Blork the orc
  3993 | D:4      | 3993 ||| Stepping ~*~*~tactically~*~*~ (hiding).
  3997 | D:4      | 3997 ||| INVOKING Berserk.
  3999 | D:4      | Killed Blork the orc
  4000 | D:4      | Reached skill level 10 in Axes
  4314 | D:4      | Reached skill level 1 in Throwing
  4474 | D:4      | 4474 ||| READING 4 scrolls of identify.
  4474 | D:4      | 4474 ||| IDENTIFYING bubbling puce potion
  4475 | D:4      | 4475 ||| DROPPING potion of ambrosia.
  4494 | D:5      | Entered Level 5 of the Dungeon
  4517 | D:5      | 4517 ||| FLEEEEING.
  4518 | D:5      | 4518 ||| FLEEEEING.
  4519 | D:5      | 4519 ||| FLEEEEING.
  4520 | D:5      | 4520 ||| FLEEEEING.
  4521 | D:5      | 4521 ||| FLEEEEING.
  4522 | D:5      | 4522 ||| FLEEEEING.
  4523 | D:5      | 4523 ||| FLEEEEING.
  4524 | D:5      | 4524 ||| STAIRDANCE
  4626 | D:5      | 4626 ||| Stepping ~*~*~tactically~*~*~ (hiding).
  4634 | D:5      | 4634 ||| STAIRDANCE
  4645 | D:4      | Reached skill level 6 in Fighting
  4681 | D:5      | 4681 ||| Stepping ~*~*~tactically~*~*~ (hiding).
  4683 | D:5      | 4683 ||| Stepping ~*~*~tactically~*~*~ (hiding).
  4684 | D:5      | Reached ***** piety under Trog
  4685 | D:5      | 4685 ||| Stepping ~*~*~tactically~*~*~ (hiding).
  4686 | D:5      | 4686 ||| Stepping ~*~*~tactically~*~*~ (hiding).
  4818 | D:5      | Reached XP level 8. HP: 65/70 MP: 7/7
  4841 | D:5      | 4841 ||| Stepping ~*~*~tactically~*~*~ (stealth).
  5005 | D:5      | Noticed a two-headed ogre
  5010 | D:5      | 5010 ||| INVOKING Berserk.
  5012 | D:5      | Killed a two-headed ogre
  5013 | D:5      | Reached skill level 12 in Axes
  5249 | D:5      | 5249 ||| Stepping ~*~*~tactically~*~*~ (hiding).
  5264 | D:5      | 5264 ||| Stepping ~*~*~tactically~*~*~ (stealth).
  5265 | D:5      | 5265 ||| Stepping ~*~*~tactically~*~*~ (stealth).
  5266 | D:5      | 5266 ||| Stepping ~*~*~tactically~*~*~ (stealth).
  5273 | D:5      | Reached skill level 3 in Armour
  5500 | D:5      | 5500 ||| UPGRADING to ring of protection from cold.
  5525 | D:6      | Noticed a troll
  5525 | D:6      | Noticed a two-headed ogre
  5529 | D:6      | 5529 ||| INVOKING Berserk.
  5534 | D:6      | HP: 22/106 [two-headed ogre/+0 giant club (27)]
  5534 | D:6      | HP: 9/106 [troll (13)]
  5534 | D:6      | HP: 2/106 [troll (7)]
  5536 | D:6      | Slain by a two-headed ogre

Levels and vault maps discovered:
D:1:      evilmike_arrival_plus, layout_basic,
          hellmonk_ecumenical_altar_run_dry, minmay_split_cup_small
D:2:      layout_rooms
D:3:      minmay_goblin_kobold_castle, layout_loops_ring, uniq_grinder
D:4:      layout_loops_cross, uniq_menkaure, uniq_robin, uniq_blork_the_orc
D:5:      layout_cave_pools
D:6:      layout_loops_ring

Skill      XL: |  1  2  3  4  5  6  7  8 |
---------------+-------------------------+-----
Axes           | 4 5 8 9 10 12 | 12.7
Fighting       | 5 6 |  6.5
Throwing       | 1 |  1.0
Armour         | 3 |  3.1
Dodging        | |  2.1

Action                   |  1- 3 |  4- 6 |  7- 9 || total
-------------------------+-------+-------+-------++-------
Melee: Hand axe          |    71 |   126 |       ||   197
       Headbutt          |     7 |    15 |    18 ||    40
       War axe           |       |     5 |   130 ||   135
       Punch             |       |       |     1 ||     1
Throw: Boomerang         |    27 |    36 |    52 ||   115
Invok: Berserk           |     1 |     4 |     5 ||    10
       Trog's Hand       |       |     1 |       ||     1
  Use: Scroll            |     3 |     6 |     5 ||    14
       Potion            |       |     1 |     3 ||     4
Armor: Animal skin       |     7 |       |       ||     7
       Scale mail        |     5 |    50 |    47 ||   102
Dodge: Dodged            |    25 |    56 |    61 ||   142

Table legend:
 A = Non-vault XP
 B = Vault XP
 C = Vault XP percentage of total XP
 D = Non-vault monster count
 E = Vault monster count
 F = Vault count percentage of total count
                 A         B        C        D         E       F
            +---------+---------+-------+---------+---------+-------
      Total |    1862 |     756 |  28.9 |     113 |      78 |  40.8
            +---------+---------+-------+---------+---------+-------
        D:1 |      51 |       4 |   7.3 |      29 |       3 |   9.4
        D:2 |      78 |       0 |   0.0 |      23 |       0 |   0.0
        D:3 |     179 |     447 |  71.4 |      22 |      60 |  73.2
        D:4 |     223 |     305 |  57.8 |      11 |      15 |  57.7
        D:5 |    1331 |       0 |   0.0 |      28 |       0 |   0.0
            +---------+---------+-------+---------+---------+-------
